Map: Acid Plant LE

Players

Lillekanin

  • Race: Terran Terran
  • Spawn Location: 11:00

Clem - Winner!

  • Race: Terran Terran
  • Spawn Location: 5:00

Event: WCS Valencia 2018

VOD

Have the link to the VOD?

Description

Time

  • Played on: July 12, 2018, 9:26 a.m.
  • Length: 8:22

All games in this series

Show
View Real Time Build Order
Export as new Build Order

Lillekanin Terran 

Build Orders: Gas First Reaper Expand, Reaper Expand, Mech 

Get SALT Encoding   

  12  0:00  SCV  
  13  0:12  SCV  
  14  0:17  Supply Depot  
  14  0:24  SCV  
  15  0:29  Refinery  
  15  0:39  SCV  
  16  0:45  Barracks  
  16  0:51  SCV  
  17  1:03  SCV  
  18  1:18  SCV  
  19  1:33  Orbital Command  
  19  1:34  Reaper  
  20  1:48  Command Center  
  20  2:00  Factory  
  20  2:04  SCV  
  20  2:07  Barracks Reactor  
  21  2:13  Refinery  
  21  2:17  SCV  
  21  2:21  Supply Depot  
  22  2:29  SCV  
  23  2:42  SCV  
  24  2:46  Starport  
  24  2:50  Hellion  
  26  2:55  SCV  
  29  3:01  Orbital Command  
  27  3:06  Cyclone  
  27  3:08  SCV  
  31  3:19  Cyclone  
  34  3:20  SCV  
  35  3:27  Supply Depot  
  35  3:29  SCV  
  35  3:32  SCV  
  37  3:46  SCV  
  33  3:48  Viking  
  38  3:51  SCV  
  41  3:56  Cyclone  
  44  4:06  SCV  
  44  4:08  SCV  
  46  4:13  Cyclone  
  46  4:15  Refinery  
  49  4:18  SCV  
  49  4:20  SCV  
  49  4:21  Starport Tech Lab  
  51  4:30  Supply Depot, SCV  
  52  4:32  SCV  
  53  4:42  SCV  
  54  4:51  Cyclone x2, SCV  
  58  4:54  SCV  
  42  5:15  SCV  
  42  5:16  Orbital Command  
  43  5:23  Cyclone  
  43  5:27  SCV  
  46  5:39  SCV  
  46  5:42  Command Center  
  47  5:43  Raven  
  47  5:44  SCV  
  48  5:51  SCV, Barracks Reactor  
  48  5:57  SCV  
  50  6:03  SCV  
  51  6:08  Refinery  
  51  6:09  Supply Depot, SCV  
  52  6:15  Factory, SCV  
  52  6:18  Factory  
  53  6:21  SCV  
  54  6:27  SCV  
  54  6:33  SCV  
  55  6:42  SCV  
  55  6:45  SCV  
  57  6:50  Viking x2  
  57  6:53  Barracks Reactor  
  61  6:54  SCV  
  61  6:55  Supply Depot  
  61  6:57  Supply Depot, SCV  
  63  7:02  Siege Tank  
  63  7:03  Factory Tech Lab  
  63  7:07  SCV  
  67  7:10  Supply Depot x2  
  67  7:19  Command Center  
  67  7:20  Viking x2, Engineering Bay  
  67  7:22  SCV  
  72  7:23  Armory, SCV  
  73  7:35  Siege Tank  
  76  7:38  SCV  
  76  7:45  Siege Tank  
  72  8:02  SCV  
  72  8:03  SCV  
Show
View Real Time Build Order
Export as new Build Order

Clem Terran - Winner!

Build Orders: Cyclone Opening, MMM Bio 

Get SALT Encoding   

  12  0:00  SCV  
  13  0:12  SCV  
  14  0:17  Supply Depot  
  14  0:24  SCV  
  15  0:30  Refinery  
  15  0:39  SCV  
  16  0:45  Barracks  
  16  0:53  SCV  
  17  0:57  Refinery  
  17  1:07  SCV  
  18  1:19  SCV  
  19  1:32  Reaper, Orbital Command  
  20  1:36  Factory  
  20  1:45  Supply Depot  
  20  1:57  SCV  
  21  2:04  Reaper  
  22  2:09  SCV  
  23  2:20  Cyclone  
  23  2:22  SCV  
  27  2:32  Command Center  
  27  2:38  Supply Depot  
  27  2:41  Barracks Reactor  
  27  2:43  SCV  
  28  2:52  Cyclone  
  31  2:59  SCV  
  32  3:12  SCV  
  33  3:24  SCV  
  34  3:31  Cyclone  
  37  3:34  Supply Depot  
  37  3:36  SCV  
  38  3:43  Cyclone  
  38  3:48  SCV, Orbital Command  
  42  3:51  Barracks Tech Lab  
  42  3:52  Starport  
  42  4:00  SCV  
  43  4:12  SCV  
  43  4:15  SCV  
  43  4:16  Command Center  
  45  4:24  SCV  
  45  4:27  SCV  
  45  4:28  Marine x2  
  49  4:33  Supply Depot  
  49  4:35  Factory Tech Lab  
  49  4:36  SCV  
  49  4:38  Raven  
  52  4:39  SCV  
  52  4:43  Barracks  
  52  4:44  Barracks  
  53  4:46  Marine  
  53  4:48  SCV  
  53  4:51  Supply Depot  
  53  4:52  SCV  
  56  4:54  Marine  
  51  5:00  SCV  
  51  5:02  Siege Tank  
  51  5:04  SCV  
  56  5:09  Marine  
  56  5:13  SCV  
  58  5:21  Marine  
  57  5:25  SCV, Refinery x2  
  57  5:26  SCV  
  57  5:27  Marine  
  57  5:28  Engineering Bay  
  60  5:29  Engineering Bay  
  60  5:36  Orbital Command  
  60  5:41  Starport Reactor  
  60  5:43  Barracks Tech Lab  
  60  5:44  SCV x2  
  60  5:47  Stimpack  
  62  5:50  Marine x3  
  65  5:58  SCV x2  
  65  5:59  Siege Tank  
  65  6:02  SCV  
  71  6:06  Terran Infantry Weapons Level 1  
  71  6:10  SCV, Marine x2  
  71  6:11  Marine  
  74  6:13  Marine  
  74  6:15  Terran Infantry Armor Level 1  
  74  6:18  SCV  
  77  6:19  SCV  
  78  6:27  Marine  
  78  6:28  Marine  
  78  6:29  SCV  
  78  6:30  SCV  
  78  6:31  Supply Depot  
  81  6:34  Marauder x2  
  81  6:39  Medivac x2  
  89  6:41  Orbital Command  
  89  6:43  SCV x2  
  89  6:45  Marine x2  
  89  6:46  Supply Depot  
  92  6:48  Supply Depot, Combat Shields  
  92  6:55  SCV, Marine x2  
  92  7:00  Siege Tank  
  98  7:07  SCV  
  98  7:08  Supply Depot  
  99  7:10  Medivac, Marine  
  99  7:11  Supply Depot  
  99  7:12  Marine  
  99  7:13  Marauder  
  105  7:16  Supply Depot  
  105  7:20  Medivac  
  107  7:24  Barracks  
  107  7:27  SCV  
  107  7:28  Barracks  
  108  7:33  Supply Depot, SCV  
  106  7:37  Marine x2  
  106  7:38  Marauder  
  106  7:40  Marauder  
  112  7:46  SCV  
  113  7:55  Marine  
  117  7:59  Marine  
  117  8:00  Marauder  
  117  8:01  SCV  
  117  8:03  SCV  
  124  8:07  Armory, Engineering Bay  
  124  8:08  Engineering Bay  
  124  8:10  SCV  
Tags
 
Add a new tag
Caveats
  • Supply blocks, unpowered buildings, or Contaminate may cause inaccurate times.
  • Supply counts are checked every 10 seconds.